 Dungeon Crawl Stone Soup version 0.19.0 (webtiles) character file.

1659 PrincessPwny the Cleaver (level 8, -15/74 HPs)
             Began as a Troll Berserker on Nov 14, 2016.
             Was a Priest of Trog.
             Demolished by an orc warrior
             ... wielding a +0 halberd
              (21 damage)
             ... on level 6 of the Dungeon.
             The game lasted 00:11:27 (5293 turns).

PrincessPwny the Cleaver (Troll Berserker)          Turns: 5293, Time: 00:11:27

Health: -15/74     AC: 13    Str: 27    XL:     8   Next: 68%
Magic:  7/7        EV: 10    Int:  3    God:    Trog [***...]
Gold:   375        SH:  0    Dex: 10    Spells: 0 memorised, 7 levels left

rFire  . . .     SeeInvis .     a - +1 hand axe
rCold  . . .     Gourm    +     b - +1 animal skin
rNeg   . . .     Faith    .     (no shield)
rPois  .         Spirit   .     (helmet restricted)
rElec  .         Reflect  .     u - +2 cloak {+Inv}
rCorr  .         Harm     .     (gloves unavailable)
MR     .....                    (boots unavailable)
Stlth  +.........               (no amulet)
                                (no ring)
                                i - +4 ring of protection

@: exhausted, slowed, very slow
A: unfitting armour, claws 3, fast metabolism 3, gourmand, regeneration 1,
shaggy fur 1, tough skin 2
a: Berserk, Trog's Hand, Burn Spellbooks, Renounce Religion, Evoke Invisibility


You were on level 6 of the Dungeon.
You worshipped Trog.
Trog was most pleased with you.
You were not hungry.

You visited 1 branch of the dungeon, and saw 7 of its levels.

You collected 375 gold pieces.

Inventory:

Hand Weapons
 a - a +1 hand axe (weapon)
Armour
 b - a +1 animal skin (worn)
 u - a +2 cloak of invisibility (worn)
Jewellery
 i - a +4 ring of protection (left claw)
Wands
 x - a wand of digging (13/24)
Scrolls
 e - a scroll of magic mapping
 h - a scroll of teleportation
 r - 2 scrolls of enchant weapon
 s - a scroll of remove curse {@r2}
 w - a scroll of blinking
 y - 4 scrolls of recharging
Potions
 d - a potion of cure mutation
 j - 3 potions of curing {@q1}
 k - a potion of might
 n - 2 potions of mutation
 o - a potion of haste
 v - 3 potions of flight
Comestibles
 c - 8 bread rations
 f - a slice of pizza
 g - a royal jelly
 l - 4 meat rations
 m - 5 fruits


   Skills:
 - Level 2.5 Fighting
 * Level 9.6 Axes
 - Level 2.5 Dodging


You had 7 spell levels left.
You didn't know any spells.

Dungeon Overview and Level Annotations

Branches:
Dungeon (7/15)
 Temple: D:4-7

Altars:
Ashenzari
Cheibriados
Elyvilon
Hepliaklqana
Kikubaaqudgha
Okawaru
Qazlal
Uskayaw
The Shining One


Innate Abilities, Weirdness & Mutations

You are too large for most types of armour.
You have claws for hands.
Your metabolism is lightning-fast.
You like to eat raw meat.
Your natural rate of healing is unusually fast.
You are covered in fur. (AC +1)
You have very tough skin. (AC +2)


Message History

The orc warrior is severely wounded.
You closely miss the phantom. The orc warrior closely misses you.
The phantom barely misses you.
You closely miss the orc warrior.
The orc warrior is severely wounded.
You barely miss the phantom.
The orc warrior hits you with a halberd.
The phantom closely misses you.
You closely miss the orc warrior.
The orc warrior is severely wounded.
You hit the phantom.
The orc warrior hits you with a halberd!
* * * LOW HITPOINT WARNING * * *
The phantom hits you but does no damage.
You barely miss the orc warrior.
The orc warrior is severely wounded.
You closely miss the phantom. The phantom hits you.
* * * LOW HITPOINT WARNING * * *
The orc warrior hits you with a halberd!!
You die...

.............#...##...#
####.........#...'....#
...#.........#...#....#
...#.........#...#....#
...#.........#'######'##
...#...................#
...###'######..........#
............#..........#
...##.......#...@o.....#
...##.......#...W......#
...##.......#..........#
...##.......#.....###'##
............#.....#...#
...##.......#.....#...#
...##(....).#..>..'...#
...##########.....#...#
...#..............#...#


You could see a phantom and an orc warrior.

Vanquished Creatures
  A water moccasin (D:6)
  An orc warrior (D:6)
  The ghost of PrincessPwny the Chopper, an amateur MiBe of Trog (D:3)
  A phantom (D:6)
  2 ogres
  A centaur (D:6)
  2 bullfrogs (D:6)
  3 scorpions
  3 wights (D:7)
  A howler monkey (D:4)
  A crimson imp (D:6)
  A bullfrog skeleton (D:6)
  A jelly (D:7)
  4 hounds
  An iguana (D:4)
  2 orc wizards (D:6)
  4 worker ants
  11 adders
  A shadow imp (D:7)
  2 oozes (D:1)
  An adder zombie (D:7)
  4 worms
  4 dart slugs
  4 leopard geckos
  4 orcs
  4 giant cockroaches
  5 goblins
  6 hobgoblins
  12 jackals
  4 kobolds
  3 quokkas
  A ball python (D:1)
  5 bats
  5 frilled lizards
  A leopard gecko skeleton (D:4)
  8 rats
115 creatures vanquished.

Notes
Turn   | Place    | Note
-------+----------+-------------------------------------------
     0 | D:1      | PrincessPwny the Troll Berserker began the quest for the Orb.
     0 | D:1      | Reached XP level 1. HP: 22/22 MP: 0/0
   149 | D:1      | Reached XP level 2. HP: 28/29 MP: 1/1
   240 | D:1      | Reached skill level 3 in Axes
   472 | D:1      | Reached XP level 3. HP: 36/36 MP: 2/2
  1104 | D:2      | Found a stormy altar of Qazlal.
  1322 | D:2      | Found an ancient bone altar of Kikubaaqudgha.
  1326 | D:2      | Found a hide-covered altar of Uskayaw.
  1327 | D:2      | Found a shattered altar of Ashenzari.
  1327 | D:2      | Found a hazy altar of Hepliaklqana.
  1327 | D:2      | Found a white marble altar of Elyvilon.
  1330 | D:2      | Reached ** piety under Trog
  1331 | D:2      | Found a glowing golden altar of the Shining One.
  1335 | D:2      | Found a snail-covered altar of Cheibriados.
  1609 | D:2      | Reached XP level 4. HP: 44/44 MP: 3/3
  1719 | D:3      | Noticed PrincessPwny's ghost (amateur MiBe)
  1724 | D:3      | Reached skill level 4 in Axes
  1737 | D:3      | Killed PrincessPwny's ghost
  1737 | D:3      | Reached XP level 5. HP: 19/50 MP: 4/4
  1910 | D:3      | Found an iron altar of Okawaru.
  1920 | D:3      | Reached skill level 5 in Axes
  2664 | D:4      | Reached XP level 6. HP: 41/59 MP: 5/5
  3130 | D:4      | Reached skill level 6 in Axes
  3149 | D:4      | Reached *** piety under Trog
  3327 | D:4      | Reached XP level 7. HP: 35/66 MP: 6/6
  3559 | D:4      | Lost intelligence.
  3573 | D:5      | Entered Level 5 of the Dungeon
  3741 | D:5      | Reached skill level 7 in Axes
  4667 | D:6      | Reached skill level 8 in Axes
  4667 | D:6      | Reached XP level 8. HP: 74/74 MP: 7/7
  4874 | D:6      | Reached skill level 9 in Axes
  5293 | D:6      | Demolished by an orc warrior

Skill      XL: |  1  2  3  4  5  6  7  8 |
---------------+-------------------------+-----
Axes           | 3 4 5 6 8 9 |  9.6
Fighting       | |  2.5
Dodging        | |  2.5

Action                   |  1- 3 |  4- 6 |  7- 9 || total
-------------------------+-------+-------+-------++-------
Melee: Hand axe          |   120 |   203 |   190 ||   513
Invok: Berserk           |       |     2 |     4 ||     6
       Burn Spellbooks   |       |     1 |       ||     1
  Use: Scroll            |     3 |     8 |     6 ||    17
  Eat: Chunk             |    19 |    17 |    20 ||    56
Armor: Animal skin       |    64 |    88 |    85 ||   237
Dodge: Dodged            |    60 |   100 |   109 ||   269
